 Dungeon Crawl Stone Soup version 0.21.1-1-g345015f (webtiles) character file.

10643 keltmir the Carver (level 11, 0/86 HPs)
             Began as a Demonspawn Gladiator on Mar 20, 2018.
             Was a Priest of Makhleb.
             Killed by vampiric draining
             ... invoked by a vampire
              (9 damage)
             ... on level 10 of the Dungeon.
             The game lasted 01:07:16 (15012 turns).

keltmir the Carver (Demonspawn Gladiator)          Turns: 15012, Time: 01:07:16

Health: 0/86       AC: 17    Str: 18    XL:     11   Next: 38%
Magic:  18/18      EV:  7    Int:  9    God:    Makhleb [***...]
Gold:   730        SH:  9    Dex: 15    Spells: 10/10 levels left

rFire    + . .     SeeInvis .   n - +2 long sword (elec)
rCold    x . .     Gourm    .   k - +0 shield
rNeg     . . .     Faith    .   C - +0 plate armour
rPois    .         Spirit   .   c - +0 helmet
rElec    .         Reflect  .   t - +0 cloak
rCorr    .         Harm     .   (gloves unavailable)
MR       .....                  g - +0 pair of boots
Stlth    ..........             (no amulet)
HPRegen  0.24/turn              q - ring of fire
MPRegen  0.16/turn              (no ring)

@: hasted, very quick
A: claws 3, demonic guardian 1, rot immunity, sturdy frame 2
a: Minor Destruction, Lesser Servant of Makhleb, Renounce Religion


You were on level 10 of the Dungeon.
You worshipped Makhleb.
Makhleb was most pleased with you.
You were very hungry.

You visited 3 branches of the dungeon, and saw 14 of its levels.

You collected 730 gold pieces.

Inventory:

Hand Weapons
 a - a +0 flail
 m - a +1 war axe of chopping
 n - a +2 long sword of electrocution (weapon)
 o - a +0 blowgun
 F - a +3 dire flail
 I - a +0 dire flail
Missiles
 d - 3 throwing nets (quivered)
 p - 40 poisoned needles
Armour
 b - a +1 leather armour
 c - a +0 helmet (worn)
 g - a +0 pair of boots (worn)
 k - a +0 shield (worn)
 t - a +0 cloak (worn)
 y - a +0 chain mail
 C - a +0 plate armour (worn)
Jewellery
 q - a ring of fire (left claw)
 M - an uncursed ring of protection from cold {unknown}
Wands
 s - a wand of random effects (58)
 E - a wand of digging (24)
 G - a wand of polymorph (21)
 K - a wand of flame (22)
 L - a wand of paralysis (9)
Scrolls
 e - 7 scrolls of random uselessness
 h - 2 scrolls of remove curse
 j - 4 scrolls of teleportation
 v - 2 scrolls of magic mapping {unknown}
 w - a scroll of enchant armour
 x - 2 scrolls of acquirement
 H - a scroll of fear {unknown}
 J - a scroll of enchant weapon
 O - a scroll of fog {unknown}
 P - a scroll of holy word {unknown}
 R - a scroll of blinking
Potions
 i - 2 potions of agility
 l - 4 potions of flight
 r - 2 potions of haste
 u - 5 potions of degeneration
 z - 2 potions of lignification {unknown}
 A - 2 potions of mutation
 B - 4 potions of curing
 Q - a potion of resistance {unknown}
Books
 D - a book of Misfortune

   Spells                             Type                      Level
   a - Confusing Touch                Hexes                        1
   b - Confuse                        Hexes                        3
   c - Gell's Gravitas                Translocation                3
   d - Petrify                        Transmutation/Earth          4
   e - Metabolic Englaciation         Hexes/Ice                    5
   f - Yara's Violent Unravelling     Hexes/Transmutation          5
Comestibles
 f - 21 rations


   Skills:
 + Level 8.2 Fighting
 * Level 10.0 Long Blades
 - Level 0.8(2.2) Axes
 - Level 3.3(3.4) Maces & Flails
 - Level 1.7 Throwing
 + Level 7.2 Armour
 - Level 3.7 Dodging
 + Level 3.0 Shields
 - Level 9.6 Invocations


You had 10 spell levels left.
You didn't know any spells.

Dungeon Overview and Level Annotations

Branches:
Dungeon (12/15)            Temple (1/1) D:4            Lair (1/6) D:10
    Orc: D:9-12

Altars:
Ashenzari
Cheibriados
Dithmenos
Elyvilon
Fedhas
Gozag
Hepliaklqana
Kikubaaqudgha
Makhleb
Nemelex Xobeh
Okawaru
Qazlal
Ru
Sif Muna
Trog
Uskayaw
Vehumet
Wu Jian
Xom
Yredelemnul
Zin
The Shining One

Shops:
D:9 [   D:10 [   D:11 (


Innate Abilities, Weirdness & Mutations

You have claws for hands.
A weak demonic guardian rushes to your aid.
You are immune to rotting.
Your movements are less encumbered by armour. (ER -4)


Message History

You barely miss something. You block something's attack.
Something bites you but does no damage.
You miss something. Something hits you.
* * * LOW HITPOINT WARNING * * *
Something bites you but does no damage.
You hit something but do no damage. You block something's attack.
Something bites you!
* * * LOW HITPOINT WARNING * * *
Something draws strength from your injuries!
You hit something. Lightning courses through something!
Something completely misses you. Something bites you but does no damage.
You miss something. Something hits you.
* * * LOW HITPOINT WARNING * * *
Something bites you but does no damage. Something hits you.
* * * LOW HITPOINT WARNING * * *
You block something's attack.
You see here a wyvern corpse.
You feel yourself speed up.
Unholy energy fills the air.
You die...

..##..#.## ####.##.#
###.#..# ##.....##
#..#.### ############
..##.# #..........#
.###.# #..........#
.###.#######..........#
.#..............@..(..#
....########.....{....#
..#.##................#
..#.##.....#..........#
.##.##.....#..........#
..#...#'#.#############
......+∩+.# ......#'###
........##


There were no monsters in sight!

Vanquished Creatures
  3 two-headed ogres
  The ghost of appiemonkey the Cleaver, a novice MiFi (D:6)
  An unseen horror (D:10)
  A cyclops (D:11)
  A komodo dragon (Lair:1)
  The ghost of toffzen the Magician, an amateur GnWn (D:4)
  3 trolls
  Grinder (D:5)
  3 hippogriffs
  A vampire (D:10)
  2 wyverns (D:10)
  9 yaks
  A human (D:7)
  Menkaure (D:5)
  3 orc warriors
  An ice beast (D:4)
  2 phantoms
  A black bear (D:8)
  2 sky beasts
  4 centaurs
  4 ogres
  A crocodile (Lair:1)
  3 bullfrogs
  A scorpion (D:4)
  5 killer bees
  9 wights
  An electric eel (D:8)
  A howler monkey (D:5)
  A bullfrog zombie (D:7)
  3 crimson imps
  A quasit (D:7)
  4 orc priests
  4 hounds
  4 jellies
  2 centaur skeletons (D:8)
  A bullfrog skeleton (D:3)
  Crazy Yiuf (D:3)
  3 worker ants
  5 orc wizards
  Robin (D:3)
  A howler monkey skeleton (D:5)
  A howler monkey zombie (D:9)
  A worker ant zombie (D:6)
  7 adders
  A shadow imp (D:7)
  An ooze (D:1)
  3 adder skeletons
  2 adder zombies
  2 worms
  3 dart slugs
  7 leopard geckos
  28 orcs
  3 ball pythons
  8 giant cockroaches
  16 goblins
  8 hobgoblins
  7 jackals
  10 kobolds
  6 quokkas
  6 bats
  3 frilled lizards
  A jackal skeleton (D:7)
  3 rats
225 creatures vanquished.

Vanquished Creatures (collateral kills)
  A hippogriff (D:7)
  A wraith (D:10)
  A yak (D:8)
  An orc warrior (D:8)
  2 sky beasts
  2 eyes of draining (D:4)
  A black bear (D:8)
  An iguana (D:10)
  4 orcs
  A jackal (D:7)
  A kobold (D:4)
16 creatures vanquished.

Vanquished Creatures (others)
  An adder (D:4)
  3 plants (Lair:1)
4 creatures vanquished.

Grand Total: 245 creatures vanquished

Notes
Turn   | Place    | Note
-------+----------+-------------------------------------------
     0 | D:1      | keltmir the Demonspawn Gladiator began the quest for the Orb.
     0 | D:1      | Reached XP level 1. HP: 16/16 MP: 1/1
   401 | D:1      | Gained mutation: A weak demonic guardian rushes to your aid. [demonic ancestry]
   401 | D:1      | Reached XP level 2. HP: 22/22 MP: 2/2
   905 | D:1      | Gained mutation: You are immune to rotting. [demonic ancestry]
   905 | D:1      | Reached XP level 3. HP: 22/28 MP: 3/3
  1407 | D:2      | Reached skill level 1 in Armour
  2250 | D:2      | Gained mutation: You have sharp fingernails. [demonic ancestry]
  2250 | D:2      | Reached XP level 4. HP: 26/34 MP: 4/4
  2618 | D:3      | Noticed Robin
  2651 | D:3      | Killed Robin
  3073 | D:3      | Reached skill level 1 in Long Blades
  3085 | D:3      | Found a runed door.
  3116 | D:3      | Reached XP level 5. HP: 36/40 MP: 5/5
  3373 | D:3      | Noticed Crazy Yiuf
  3382 | D:3      | Killed Crazy Yiuf
  3619 | D:4      | Noticed toffzen's ghost (amateur GnWn)
  3766 | D:4      | Noticed an ice beast
  3829 | D:4      | Found a shadowy altar of Dithmenos.
  3905 | D:4      | Found a staircase to the Ecumenical Temple.
  3914 | Temple   | Entered the Ecumenical Temple
  4012 | Temple   | Became a worshipper of Makhleb the Destroyer
  4082 | D:4      | Noticed an eye of draining
  4082 | D:4      | Noticed an eye of draining
  4084 | D:4      | Found a bloodstained altar of Trog.
  4104 | D:4      | Killed an eye of draining
  4104 | D:4      | Reached skill level 2 in Long Blades
  4111 | D:4      | Killed an eye of draining
  4111 | D:4      | Reached skill level 1 in Invocations
  4111 | D:4      | Gained mutation: Your movements are slightly less encumbered by armour. (ER -2) [demonic ancestry]
  4111 | D:4      | Reached XP level 6. HP: 47/47 MP: 1/6
  4413 | D:4      | Killed toffzen's ghost
  4413 | D:4      | Reached skill level 3 in Long Blades
  4843 | D:4      | Killed an ice beast
  4843 | D:4      | Reached XP level 7. HP: 53/53 MP: 8/8
  5084 | D:5      | Entered Level 5 of the Dungeon
  5217 | D:5      | Noticed Menkaure
  5249 | D:5      | You fall through a shaft!
  5357 | D:6      | Noticed a hippogriff
  5628 | D:5      | Killed Menkaure
  5628 | D:5      | Reached skill level 4 in Long Blades
  5907 | D:5      | Noticed Grinder
  5941 | D:5      | Killed Grinder
  5941 | D:5      | Gained mutation: You have very sharp fingernails. [demonic ancestry]
  5941 | D:5      | Reached XP level 8. HP: 34/61 MP: 9/11
  6636 | D:5      | Found a stormy altar of Qazlal.
  6743 | D:6      | Found a radiant altar of Vehumet.
  6769 | D:6      | Reached skill level 5 in Long Blades
  6803 | D:6      | Killed a hippogriff
  7094 | D:6      | Reached skill level 5 in Fighting
  7096 | D:6      | Reached skill level 5 in Invocations
  7347 | D:6      | Noticed appiemonkey's ghost (novice MiFi)
  7414 | D:6      | Killed appiemonkey's ghost
  7414 | D:6      | Reached * piety under Makhleb
  7414 | D:6      | Reached skill level 6 in Long Blades
  7414 | D:6      | Gained mutation: You have claws for hands. [demonic ancestry]
  7414 | D:6      | Reached XP level 9. HP: 37/68 MP: 11/13
  8477 | D:7      | Reached skill level 5 in Armour
  8580 | D:7      | Reached skill level 7 in Long Blades
  8591 | D:7      | Found a basalt altar of Yredelemnul.
  8595 | D:7      | Noticed a profane servitor
  8602 | D:7      | Found a glowing golden altar of the Shining One.
  8604 | D:7      | Noticed an angel
  8877 | D:7      | Identified 2 scrolls of acquirement
  8910 | D:8      | Reached ** piety under Makhleb
  9391 | D:8      | Noticed a two-headed ogre
  9497 | D:8      | Killed a two-headed ogre
  9497 | D:8      | Gained mutation: Your movements are less encumbered by armour. (ER -4) [demonic ancestry]
  9497 | D:8      | Reached XP level 10. HP: 31/77 MP: 15/15
  9747 | D:8      | Reached skill level 8 in Long Blades
 10058 | D:8      | Noticed a two-headed ogre
 10519 | D:8      | Killed a two-headed ogre
 11512 | D:9      | Found Qutt's Armour Shop.
 11770 | D:9      | Reached skill level 9 in Long Blades
 11997 | D:9      | Found a hide-covered altar of Uskayaw.
 11998 | D:9      | Found a sparkling altar of Nemelex Xobeh.
 12202 | D:9      | Reached skill level 1 in Shields
 12755 | D:10     | Entered Level 10 of the Dungeon
 13212 | D:10     | Found Lirpheyga's Antique Armour Shop.
 13305 | D:10     | Reached XP level 11. HP: 84/85 MP: 17/17
 13384 | D:10     | Found a staircase to the Lair.
 13413 | D:10     | Noticed a two-headed ogre
 13427 | D:10     | Killed a two-headed ogre
 14129 | D:10     | Killed an unseen horror
 14263 | Lair:1   | Entered Level 1 of the Lair of Beasts
 14276 | Lair:1   | Reached *** piety under Makhleb
 14449 | D:11     | Found Bouf's Antique Weapon Boutique.
 14519 | D:11     | Reached skill level 10 in Long Blades
 15012 | D:10     | Killed from afar by a vampire

Skill      XL: |  1  2  3  4  5  6  7  8  9 10 11 |
---------------+----------------------------------+-----
Maces & Flails | 3 |  3.3
Dodging        | 3 |  3.7
Armour         | 1 2 3 4 5 6 7 |  7.2
Long Blades    | 1 2 3 4 6 7 9 10 | 10.0
Fighting       | 3 4 5 6 7 8 |  8.2
Invocations    | 1 2 4 5 7 9 |  9.6
Shields        | 2 3 |  3.0
Axes           | |  0.8
Throwing       | |  1.7

Action                   |  1- 3 |  4- 6 |  7- 9 | 10-12 || total
-------------------------+-------+-------+-------+-------++-------
Melee: Flail             |   131 |       |       |       ||   131
       War axe           |    21 |    11 |       |       ||    32
       Long sword        |       |    83 |   261 |   341 ||   685
 Fire: Blowgun           |       |       |       |     4 ||     4
Evoke: Wand              |       |     1 |     1 |       ||     2
  Use: Scroll            |     3 |     4 |     9 |     7 ||    23
       Potion            |       |     1 |     2 |     3 ||     6
 Stab: Distracted        |       |       |       |     2 ||     2
  Eat: Chunk             |     4 |     7 |    10 |    16 ||    37
       Ration            |       |       |     2 |       ||     2
Armor: Leather armour    |    57 |    27 |    39 |       ||   123
       Plate armour      |       |       |    92 |   277 ||   369
       Chain mail        |       |       |    19 |       ||    19
Dodge: Dodged            |   133 |    66 |   155 |   102 ||   456
Block: Shield            |       |       |       |   142 ||   142
       Rpst.: Long sword |       |    20 |    44 |    23 ||    87
